 Dungeon Crawl Stone Soup version 0.28.0 (webtiles) character file.

Game seed: 9344956297440489053

22421 freelancePsychic the Spry (level 13, -1/111 HPs)
             Began as a Merfolk Fire Elementalist on Feb 7, 2022.
             Was a High Priest of Jiyva.
             Shot with an arrow by Nessos (22 damage)
             ... on level 4 of the Lair of Beasts.
             The game lasted 00:26:21 (10858 turns).

freelancePsychic the Spry (MfFE)                   Turns: 10858, Time: 00:26:21

Health: -1/111     AC: 15    Str: 10    XL:     13   Next: 0%
Magic:  18/18      EV: 15    Int: 18    God:    Jiyva [*****.]
Gold:   668        SH:  0    Dex: 16    Spells: 17/18 levels left

rFire   . . .      SeeInvis .   b - +2 dagger (drain)
rCold   . . .      Faith    .   (no shield)
rNeg    . . .      Spirit   .   u - +1 scale mail of Pride {+Blink Will+}
rPois   +          Reflect  .   (helmet unavailable)
rElec   .          Harm     .   I - +0 cloak
rCorr   +          Rampage  .   (no gloves)
Will    +....                   z - +1 pair of boots
Stlth   ++++......              (no amulet)
HPRegen 1.72/turn               v - +4 ring of protection
MPRegen 0.61/turn               E - ring of poison resistance

@: lethally poisoned (-1 -> -2), studying Short Blades
A: (nimble swimmer 2), mertail, beak, horns 3, agile 1, poison resistance,
tendrils, jelly sensing items, engulf
a: Renounce Religion, Evoke Blink, Oozemancy, Slimify


You were on level 4 of the Lair of Beasts.
You worshipped Jiyva.
Jiyva was extremely pleased with you.
You visited 3 branches of the dungeon, and saw 16 of its levels.
You also visited: Gauntlet.

You collected 668 gold pieces.

Inventory:

Hand Weapons
 b - a +2 dagger of draining (weapon)
 n - a +0 trident
 y - a +3 halberd
 H - the +8 trident of a volcano {pain, rCorr Str+6}
   (You found it on level 11 of the Dungeon)

   In the hands of one skilled in necromantic magic, it inflicts extra damage on
   living creatures.
   Str:       It affects your strength (+6).
   rCorr:     It protects you from acid and corrosion.
Missiles
 q - 5 javelins
 F - a throwing net
Armour
 a - a +0 robe
 o - a +0 scale mail
 p - a +0 ring mail
 u - the +1 scale mail of Pride (worn) {+Blink Will+}
   (You found it on level 4 of the Dungeon)

   +Blink:    It lets you blink.
   Will:      It increases your willpower.
 z - a +1 pair of boots (worn)
 I - a +0 cloak (worn)
Jewellery
 v - a +4 ring of protection (left hand)
 D - a ring of fire
 E - a ring of poison resistance (right hand)
 K - a +6 ring of strength
 M - an amulet of magic regeneration
 N - a ring of see invisible
Wands
 C - a wand of flame (17)
Scrolls
 d - 2 scrolls of immolation {unknown}
 e - 5 scrolls of identify {unknown}
 f - 2 scrolls of enchant weapon {unknown}
 g - 3 scrolls of brand weapon {unknown}
 s - 3 scrolls of fog {unknown}
 t - 7 scrolls of teleportation {unknown}
 w - a scroll of vulnerability {unknown}
 B - 2 scrolls of blinking {unknown}
 J - 4 scrolls of magic mapping {unknown}
Potions
 c - 3 potions of curing {unknown}
 h - 3 potions of heal wounds {unknown}
 i - 2 potions of lignification {unknown}
 j - 2 potions of attraction {unknown}
 k - a potion of might {unknown}
 l - a potion of ambrosia {unknown}
 m - 2 potions of mutation {unknown}
 r - 2 potions of brilliance
 x - 2 potions of haste {unknown}
 A - 2 potions of flight {unknown}
 G - 2 potions of magic {unknown}


   Skills:
 + Level 13.4 Fighting
 - Level 10.0 Short Blades
 - Level 3.0 Armour
 + Level 16.0 Dodging
 - Level 11.6 Stealth
 - Level 3.3 Spellcasting
 - Level 0.7 Conjurations
 - Level 2.1 Fire Magic


You had 17 spell levels left.
You knew the following spells:

 Your Spells              Type           Power      Damage    Failure   Level
a - Foxfire               Conj/Fire      32%        2x1d5     50%         1

Your spell library contained the following spells:

 Spells                   Type           Power      Damage    Failure   Level
 Scorch                   Fire           20%        2d6       52%         2
 Magic Dart               Conj           20%        1d4       58%         1
 Call Imp                 Summ           3%         N/A       83%         2
 Conjure Flame            Conj/Fire      8%         6-21      86%         3
 Inner Flame              Hex/Fire       6%         N/A       88%         3
 Mephitic Cloud           Conj/Pois/Air  3%         N/A       95%         3
 Stone Arrow              Conj/Erth      8%         3d7       95%         3
 Tukima's Dance           Hex            3%         N/A       96%         3
 Flame Wave               Conj/Fire      8%         2d5       99%         4
 Anguish                  Hex/Necr       1%         N/A       100%        4
 Animate Armour           Summ/Erth      6%         N/A       100%        4
 Hailstorm                Conj/Ice       4%         3d4       100%        4
 Ice Form                 Ice/Tmut       3%         N/A       100%        4
 Passage of Golubria      Tloc           3%         N/A       100%        4
 Silence                  Hex/Air        1%         N/A       100%        5
 Simulacrum               Ice/Necr       1%         N/A       100%        6
 Enfeeble                 Hex            1%         N/A       100%        7
 Lehudib's Crystal Spear  Conj/Erth      2%         10d2      100%        8


Dungeon Overview and Level Annotations

Branches:
Dungeon (11/15)            Temple (1/1) D:5            Lair (4/6) D:10
Gauntlet (visited)
  Swamp: Lair:2-4    Shoals: Lair:2-4     Snake: Lair:2-4    Spider: Lair:2-4
    Orc: D:9-12

Altars:
Ashenzari
Cheibriados
Dithmenos
Elyvilon
Fedhas
Gozag
Hepliaklqana
Kikubaaqudgha
Makhleb
Nemelex Xobeh
Okawaru
Qazlal
Sif Muna
Trog
Uskayaw
Vehumet
Wu Jian
Yredelemnul
Zin
The Shining One
Beogh
Jiyva

Shops:
D:11 (

Annotations:
D:3 Grinder
D:9 Erolcha
D:11 exclusion: 2 manticores
Lair:3 3 runed translucent doors, Irhican's ghost, journeyman MiBe
Lair:4 Nessos


Innate Abilities, Weirdness & Mutations

((You are very nimble when in or above water. (Stealth+, EV+, Speed+++)))
Your lower body shifts to a powerful aquatic tail in water.
You have a beak for a mouth.
You have a pair of large horns on your head.
You are agile. (Dex +2)
Your system is resistant to poisons. (rPois)
You are covered in slimy tendrils that may disarm your opponents.
You have a small jelly attached to you that senses nearby items.
Your melee attacks may engulf your foes in ooze.


Message History

You are poisoned.
Nessos gestures wildly while chanting.
Nessos blinks!
You feel very sick.
Nessos shoots an arrow.
The arrow completely misses you. The blink frog barely misses you.
Nessos shoots an arrow.
The arrow barely misses you.
The arrow hits the blink frog!!
The arrow burns the blink frog.
The blink frog dies!
The blink frog closely misses you. The bullfrog barely misses you.
You have reached level 13!
You feel sick.
Nessos shoots an arrow.
The arrow hits you! The arrow burns you.
Nessos shoots an arrow.
The arrow hits you! The arrow burns you.
The blink frog blinks!
Nessos shoots an arrow.
The arrow hits you. The arrow burns you.
You are more poisoned.
You feel very sick.
The bullfrog hits you but does no damage.
Okay, then.
The blink frog gives a loud, deep croak!
You hit the bullfrog. You drain the bullfrog.
You engulf the bullfrog in ooze!
The bullfrog is moderately wounded.
You feel sick.
A bullfrog comes into view.
The blink frog blinks!
Okay, then.
You feel very sick. The bullfrog closely misses you.
The blink frog barely misses you.
The bullfrog hits you but does no damage.
The blink frog hits you but does no damage.
You feel sick.
Nessos casts a spell.
Nessos blinks!
The blink frog blinks!
You feel sick.
Nessos shoots an arrow.
The arrow completely misses you.
The blink frog blinks!
Nessos shoots an arrow.
The arrow hits you!
* * * LOW HITPOINT WARNING * * *
The arrow burns you.
* * * LOW HITPOINT WARNING * * *
The bullfrog closely misses you.
Nessos shoots an arrow.
The arrow hits you!!
You die...

....................##
.....#.....).........###
.....#..†....#.F.......#
........†.....##.......#
........P...c...§......#
................F..)...#
>...................####
..#..........#.§F...#
...†.###.....###@...###
....#....c...##.....F.#
....#..†.....###......#
..#<...###### ##......#
.....### ####...##.##
.....# #.#....####
...... ##......# #..#.##
#..[...# ....#.
##...#.##


You could see Nessos (fast), 2 blink frogs and 2 bullfrogs.

Vanquished Creatures
  A hydra (Lair:2)
  2 catoblepae
  A ghost crab (Gauntlet)
  6 death yaks
  A black mamba (D:10)
  3 rime drakes
  4 cane toads
  5 komodo dragons
  A tyrant leech (Gauntlet)
  A polar bear (Lair:2)
  2 trolls (D:10)
  Prince Ribbit (Lair:1)
  10 blink frogs
  A shadow (D:11)
  2 wyverns
  31 yaks
  Grum (D:9)
  3 basilisks
  2 swamp worms (Gauntlet)
  An acid dragon (Gauntlet)
  8 water moccasins
  2 orc warriors
  A sky beast (D:6)
  An ice dragon simulacrum (Gauntlet)
  2 black bears
  2 necrophages
  4 ice beasts (D:5)
  A centaur (D:7)
  3 ogres
  3 wolves (D:8)
  A phantom (D:5)
  5 bullfrogs
  A wyvern zombie (D:5)
  4 killer bees (D:7)
  A water moccasin skeleton (D:6)
  4 howler monkeys
  5 centaur zombies
  2 bullfrog zombies (D:6)
  2 orc priests (D:9)
  5 hounds
  A gnoll shaman (D:4)
  A bullfrog skeleton (D:5)
  4 iguanas
  9 orc wizards
  A killer bee zombie (D:6)
  8 gnolls (D:4)
  A howler monkey skeleton (D:7)
  4 adders
  A shadow imp (D:5)
  An ufetubus (D:7)
  2 worms
  6 dart slugs
  23 orcs
  2 bats
  7 giant cockroaches
  3 goblins
  5 hobgoblins
  7 jackals
  A quokka (D:1)
  6 ball pythons
  5 frilled lizards
  2 kobolds (D:1)
  10 rats
246 creatures vanquished.

Vanquished Creatures (collateral kills)
  A wolf spider simulacrum (Gauntlet)
  A redback simulacrum (Gauntlet)
2 creatures vanquished.

Vanquished Creatures (others)
  A blink frog (Lair:4)
  A wolf (D:8)
  A centaur (D:10)
  A phantom (D:4)
  A kobold brigand (D:9)
  A bullfrog (D:7)
  A scorpion (Lair:3)
  28 jellies
  An iguana (D:5)
  An orc wizard (D:8)
  A howler monkey zombie (D:7)
  5 gnolls (D:4)
  2 adders
  A white imp (D:5)
  An adder zombie (D:5)
  5 orcs
  A bat (D:2)
  4 endoplasms
  A giant cockroach (D:2)
  A goblin (D:3)
  A hobgoblin (D:2)
  3 ball pythons
  7 kobolds
  128 foxfires
  20 fungi
  62 plants
280 creatures vanquished.

Grand Total: 528 creatures vanquished

Notes
Turn   | Place    | Note
-------+----------+-------------------------------------------
     0 | D:1      | freelancePsychic the Merfolk Fire Elementalist began the
                  | quest for the Orb.
     0 | D:1      | Reached XP level 1. HP: 13/13 MP: 3/3
   170 | D:1      | Reached XP level 2. HP: 12/19 MP: 0/5
   724 | D:1      | Reached XP level 3. HP: 22/24 MP: 7/7
   774 | D:1      | Found a faded altar of an unknown god.
  1080 | D:1      | Prayed at the altar of an unknown god.
  1080 | D:1      | Became a worshipper of Jiyva Jecaditu the Shapeless
  1080 | D:1      | Reached * piety under Jiyva
  1560 | D:2      | Reached skill level 1 in Short Blades
  1655 | D:2      | Reached XP level 4. HP: 31/31 MP: 9/9
  1667 | D:2      | Reached skill level 3 in Dodging
  1706 | D:2      | Reached ** piety under Jiyva
  1714 | D:2      | Reached skill level 1 in Fighting
  2096 | D:2      | Reached XP level 5. HP: 38/38 MP: 6/10
  2181 | D:3      | Noticed Grinder
  2421 | D:3      | Reached skill level 5 in Short Blades
  2611 | D:3      | Reached *** piety under Jiyva
  2795 | D:4      | Noticed an ogre
  2813 | D:4      | Killed an ogre
  2814 | D:4      | Reached skill level 4 in Dodging
  2814 | D:4      | Reached XP level 6. HP: 39/46 MP: 11/11
  3121 | D:4      | Reached XP level 7. HP: 49/52 MP: 12/12
  3199 | D:4      | Identified the +9 hand axe of Earthquakes {vorpal, rElec
                  | rF+ rN+ Stlth+}
  3209 | D:4      | Reached skill level 5 in Dodging
  3402 | D:4      | Gained mutation: You have a pair of small antennae on your
                  | head. [Jiyva's grace]
  3402 | D:4      | Gained mutation: You have a pair of antennae on your head.
                  | [Jiyva's grace]
  3402 | D:4      | Gained mutation: You have a pair of large antennae on your
                  | head. (SInv) [Jiyva's grace]
  3402 | D:4      | Gained mutation: You have a small jelly attached to you
                  | that senses nearby items. [Jiyva's grace]
  3520 | D:4      | Identified the +1 scale mail of Pride {+Blink Will+}
  3565 | D:5      | Entered Level 5 of the Dungeon
  3702 | D:5      | Found a burning altar of Makhleb.
  3703 | D:5      | Found a white marble altar of Elyvilon.
  3704 | D:5      | Found a snail-covered altar of Cheibriados.
  3733 | D:5      | Reached XP level 8. HP: 53/60 MP: 13/13
  3772 | D:5      | Found a staircase to the Ecumenical Temple.
  3792 | Temple   | Entered the Ecumenical Temple
  3976 | D:5      | Reached skill level 10 in Short Blades
  3976 | D:5      | Reached skill level 6 in Dodging
  4187 | D:5      | Reached skill level 5 in Fighting
  4547 | D:6      | Reached skill level 7 in Dodging
  4594 | D:6      | Reached skill level 1 in Armour
  4890 | D:6      | Reached **** piety under Jiyva
  5077 | D:6      | Reached skill level 8 in Dodging
  5077 | D:6      | Reached XP level 9. HP: 52/69 MP: 14/14
  5687 | D:7      | Found a stormy altar of Qazlal.
  5714 | D:7      | Reached ***** piety under Jiyva
  5714 | D:7      | Lost mutation: You have a pair of large antennae on your
                  | head. (SInv) [Jiyva's grace]
  5714 | D:7      | Gained mutation: You expend magic power (3 MP) to
                  | strengthen your wands. [Jiyva's grace]
  5714 | D:7      | Gained mutation: You have a small jelly attached to you
                  | that may absorb projectiles. [Jiyva's grace]
  5714 | D:7      | Gained mutation: You possess an exceptional clarity of
                  | mind. [Jiyva's grace]
  5714 | D:7      | Gained mutation: You are resistant to electric shocks.
                  | (rElec) [Jiyva's grace]
  5769 | D:7      | Found a hide-covered altar of Uskayaw.
  6203 | D:8      | Reached skill level 9 in Dodging
  6603 | D:8      | Lost mutation: You are resistant to electric shocks.
                  | (rElec) [Jiyva's grace]
  6603 | D:8      | Lost mutation: You have a small jelly attached to you that
                  | may absorb projectiles. [Jiyva's grace]
  6603 | D:8      | Gained mutation: You have a beak for a mouth. [Jiyva's
                  | grace]
  6603 | D:8      | Gained mutation: Your rubbery body absorbs attacks. (AC +1,
                  | EV +1) [Jiyva's grace]
  6603 | D:8      | Gained mutation: Your pliable body absorbs attacks. (AC +2,
                  | EV +2) [Jiyva's grace]
  6603 | D:8      | Gained mutation: Your gelatinous body deflects attacks. (AC
                  | +3, EV +3) [Jiyva's grace]
  6752 | D:9      | Noticed Grum
  6839 | D:9      | Killed Grum
  6901 | D:9      | Reached ****** piety under Jiyva
  7039 | D:9      | Noticed Erolcha
  7042 | D:10     | Entered Level 10 of the Dungeon
  7147 | D:10     | Found a staircase to the Lair.
  7147 | D:10     | Noticed a death yak
  7149 | D:10     | Noticed a death yak
  7149 | D:10     | Noticed a death yak
  7174 | D:10     | Reached skill level 10 in Dodging
  7174 | D:10     | Killed a death yak
  7175 | D:10     | Reached skill level 5 in Stealth
  7175 | D:10     | Reached XP level 10. HP: 69/82 MP: 15/15
  7186 | D:10     | Killed a death yak
  7187 | D:10     | Reached skill level 11 in Dodging
  7194 | D:10     | Killed a death yak
  7467 | D:10     | Identified the +3 great sword "Impbane" {flame, rC+ Dex+5}
  7514 | D:10     | Reached skill level 12 in Dodging
  7588 | D:11     | Noticed a boulder beetle
  7595 | D:11     | Found Xolala's Antique Weapon Shoppe.
  7688 | D:11     | Reached skill level 10 in Fighting
  7688 | D:11     | Reached XP level 11. HP: 90/90 MP: 16/16
  7791 | D:11     | Identified the +8 trident of a volcano {pain, rCorr Str+6}
  7902 | D:11     | Noticed a manticore
  7957 | D:11     | Noticed a manticore
  7994 | Lair:1   | Entered Level 1 of the Lair of Beasts
  8361 | Lair:1   | Lost mutation: You have a pair of antennae on your head.
                  | [Jiyva's grace]
  8361 | Lair:1   | Lost mutation: You possess an exceptional clarity of mind.
                  | [Jiyva's grace]
  8361 | Lair:1   | Lost mutation: You expend magic power (3 MP) to strengthen
                  | your wands. [Jiyva's grace]
  8361 | Lair:1   | Gained mutation: Your system is resistant to poisons.
                  | (rPois) [Jiyva's grace]
  8361 | Lair:1   | Gained mutation: You are agile. (Dex +2) [Jiyva's grace]
  8361 | Lair:1   | Gained mutation: You are very agile. (Dex +4) [Jiyva's
                  | grace]
  8361 | Lair:1   | Gained mutation: You are covered in slimy tendrils that may
                  | disarm your opponents. [Jiyva's grace]
  8365 | Lair:1   | Noticed a catoblepas
  8437 | Lair:1   | Killed a catoblepas
  8452 | Lair:1   | Reached skill level 13 in Dodging
  8535 | Lair:1   | Noticed Prince Ribbit
  8582 | Lair:1   | Killed Prince Ribbit
  8613 | Lair:1   | Found a snail-covered altar of Cheibriados.
  8845 | Lair:2   | Noticed a death yak
  8845 | Lair:2   | Noticed a death yak
  8847 | Lair:2   | Noticed a death yak
  8880 | Lair:2   | Killed a death yak
  8882 | Lair:2   | Killed a death yak
  8883 | Lair:2   | Reached skill level 10 in Stealth
  8901 | Lair:2   | Killed a death yak
  8902 | Lair:2   | Reached XP level 12. HP: 95/100 MP: 17/17
  8940 | Lair:2   | Reached skill level 14 in Dodging
  9251 | Lair:2   | Identified the +3 ring mail "Webuonag" {*Slow Str+6}
  9726 | Lair:2   | Noticed an eight-headed hydra
  9749 | Lair:2   | Killed an eight-headed hydra
  9972 | Lair:3   | Reached skill level 15 in Dodging
  9985 | Lair:3   | Identified the +9 mace of Umatt {vorpal, rElec rPois rC-
                  | Int+2}
 10016 | Lair:3   | Found a runed translucent gate.
 10016 | Lair:3   | Found a runed translucent gate.
 10016 | Lair:3   | Found a runed translucent gate.
 10031 | Lair:3   | Identified the +7 plate armour "Siabif" {rPois Int+3
                  | Stlth+}
 10157 | Lair:3   | Noticed a boulder beetle
 10166 | Lair:3   | Slimified a boulder beetle
 10166 | Lair:3   | Noticed an acid blob
 10166 | Lair:3   | a boulder beetle changed into an acid blob
 10170 | Lair:3   | Found a gate leading to a gauntlet.
 10179 | Gauntlet | Entered a Gauntlet
 10179 | Gauntlet | Found a transporter.
 10191 | Gauntlet | Found a transporter.
 10194 | Gauntlet | Found a transporter.
 10195 | Gauntlet | Found a transporter.
 10199 | Gauntlet | Found a runed translucent door.
 10201 | Gauntlet | Found a runed translucent door.
 10203 | Gauntlet | Found a transporter.
 10206 | Gauntlet | Found a transporter.
 10207 | Gauntlet | Found a transporter.
 10219 | Gauntlet | Found a transporter.
 10222 | Gauntlet | Found a transporter.
 10223 | Gauntlet | Found a transporter.
 10229 | Gauntlet | Found a runed translucent door.
 10232 | Gauntlet | Found a transporter.
 10233 | Gauntlet | Found a transporter.
 10234 | Gauntlet | Found a transporter.
 10242 | Gauntlet | Found a transporter.
 10244 | Gauntlet | Noticed a ghost crab
 10553 | Gauntlet | Killed a ghost crab
 10597 | Gauntlet | Lost mutation: You have a pair of small antennae on your
                  | head. [Jiyva's grace]
 10597 | Gauntlet | Lost mutation: You are very agile. (Dex +4) [Jiyva's grace]
 10597 | Gauntlet | Lost mutation: Your gelatinous body deflects attacks. (AC
                  | +3, EV +3) [Jiyva's grace]
 10597 | Gauntlet | Lost mutation: Your pliable body absorbs attacks. (AC +2,
                  | EV +2) [Jiyva's grace]
 10597 | Gauntlet | Lost mutation: Your rubbery body absorbs attacks. (AC +1,
                  | EV +1) [Jiyva's grace]
 10597 | Gauntlet | Gained mutation: Your melee attacks may engulf your foes in
                  | ooze. [Jiyva's grace]
 10597 | Gauntlet | Gained mutation: You have a pair of small horns on your
                  | head. [Jiyva's grace]
 10597 | Gauntlet | Gained mutation: You have a pair of horns on your head.
                  | [Jiyva's grace]
 10597 | Gauntlet | Gained mutation: You have a pair of large horns on your
                  | head. [Jiyva's grace]
 10598 | Gauntlet | Noticed a minotaur
 10607 | Gauntlet | Slimified a minotaur
 10607 | Gauntlet | Noticed an azure jelly
 10607 | Gauntlet | a minotaur changed into an azure jelly
 10649 | Lair:3   | Noticed Irhican's ghost (journeyman MiBe)
 10696 | Lair:4   | Found a white marble altar of Elyvilon.
 10720 | Lair:4   | Noticed a catoblepas
 10748 | Lair:4   | Killed a catoblepas
 10773 | Lair:4   | Reached skill level 16 in Dodging
 10827 | Lair:4   | Noticed a six-headed hydra
 10828 | Lair:4   | Noticed Nessos
 10853 | Lair:4   | Reached XP level 13. HP: 86/111 MP: 18/18
 10858 | Lair:4   | Shot with an arrow by Nessos

Illustrated notes

Levels and vault maps discovered:
D:1:      roderic_crop_circles_arrival_small, layout_basic,
          hellmonk_ecumenical_altar_defaced_shrine,
          chequers_serial_rivers_small_b
D:2:      minmay_angry_zag, layout_rooms
D:3:      layout_basic, uniq_grinder
D:4:      layout_loops_ring, chequers_decorated_corner
D:5:      layout_basic, chequers_temple_overflow_statue_of_worship,
          minmay_temple_entry_arrows
D:6:      layout_gridville, amcnicky_mini_corridor_feature,
          corexii_item_surrounded_by_moat
D:7:      layout_basic, nicolae_qazlal_style_of_elements,
          mainiacjoe_overflow_boulevard, hangedman_decor_peaks_small
D:8:      layout_gridville
D:9:      layout_rooms, nicolae_ru_path_of_blood, minivault_16, uniq_grum,
          uniq_erolcha
D:10:     layout_rooms, dpeg_lair_monsters
D:11:     layout_gridville, serial_shops, nicolae_square_shop, uniq_erica
Temple:   eino_temple_scatter_basement
Lair:1:   layout_small_grid, basic_altar, uniq_prince_ribbit2
Lair:2:   layout_loops_ring, grunt_megastairs_2, lemuel_fruit_tree
Lair:3:   layout_roguey, elwin_shoals_entry_rocks, spider_nest_entry_web_field,
          gauntlet_entry_generic, gammafunk_ghost_icy, st_stairs_13, uniq_sonja
Lair:4:   layout_misc_corridors, basic_altar, minivault_27, minivault_27,
          uniq_nessos

Skill      XL: |  1  2  3  4  5  6  7  8  9 10 11 12 |
---------------+-------------------------------------+-----
Spellcasting   | 3 |  3.3
Short Blades   | 2 4 6 7 9 10 | 10.0
Dodging        | 3 4 5 8 10 12 13 16 | 16.0
Fighting       | 1 2 3 4 6 8 10 11 13 | 13.4
Armour         | 2 3 |  3.0
Stealth        | 5 8 10 11 | 11.6
Conjurations   | |  0.7
Fire Magic     | |  2.1

Action                   |  1- 3 |  4- 6 |  7- 9 | 10-12 | 13-15 || total
-------------------------+-------+-------+-------+-------+-------++-------
Melee: Unarmed           |    12 |       |       |       |       ||    12
       Dagger            |    73 |   103 |   765 |   956 |     1 ||  1898
       Punch             |     1 |     1 |    15 |    25 |       ||    42
       Peck              |       |       |    61 |   296 |       ||   357
       Headbutt          |       |       |       |    22 |       ||    22
 Cast: Foxfire           |    41 |    33 |     3 |       |       ||    77
Invok: Oozemancy         |       |     2 |     2 |     2 |       ||     6
       Slimify           |       |       |       |     2 |       ||     2
Evoke: Wand              |       |       |       |     2 |       ||     2
 Stab: Sleeping          |     3 |     4 |       |     9 |       ||    16
       Distracted        |       |       |       |     1 |       ||     1
Armor: Robe              |    13 |     5 |       |       |       ||    18
       Ring mail         |       |     9 |     4 |       |       ||    13
       Scale mail        |       |       |   211 |   199 |     3 ||   413
Dodge: Dodged            |    69 |    49 |   262 |   391 |     4 ||   775
